Vancouver Canucks vs Vegas Golden Knights
Created - Sunday, September 15, 2024 at 07:20
Goals
|
| Vancouver Canucks |
1 |
1 |
0 |
0 |
2 |
| Vegas Golden Knights |
1 |
0 |
1 |
1 |
3 |
|
Shots
|
| Vancouver Canucks |
16 |
10 |
12 |
0 |
38 |
| Vegas Golden Knights |
13 |
10 |
11 |
1 |
35 |
|
1st period
1. Vancouver Canucks , Casey Mittelstadt 12 (Mikko Rantanen 16) at 12:07
2. Vegas Golden Knights , Danton Heinen 5 (Cody Glass 8, John Marino 5) at 14:07
Penalties :
No Penalty
2nd period
3. Vancouver Canucks , Clayton Keller 8 (Casey Mittelstadt 14) at 17:47
Penalties :
Miro Heiskanen (VAN) for Goalie Interference (Minor) at 7:50, Jack Roslovic (VGK) for Tripping (Minor) at 11:05, John Marino (VGK) for Tripping (Minor) at 19:40
3rd period
4. Vegas Golden Knights , Sean Couturier 6 (Reilly Smith 11, Shea Theodore 6) at 2:24
Penalties :
Curtis Lazar (VGK) for Holding (Minor) at 9:15, Tyler Bertuzzi (VGK) for Delaying the game (Minor) at 16:42
Overtime #1
5. Vegas Golden Knights , Reilly Smith 9 (Jordan Staal 7) at 0:33
Penalties :
No Penalty
Goalie Stats
Joonas Korpisalo (VAN), 32 saves from 35 shots - (0.914), OTL, 3-2-1, 60:33 minutes
Cayden Primeau (VGK), 36 saves from 38 shots - (0.947), W, 7-3-2, 60:33 minutes
Players Stats for Vancouver Canucks
Player Name G A P +/- PIM S H SB GA TA FO MP PP MP PK MP
------------------------------------------------------------------------------------
Adam Boqvist 0 0 0 0 0 3 2 1 0 2 0/0 19:50 3:47 1:10
Aleksander Barkov 0 0 0 -1 0 1 2 1 1 0 6/13 18:32 4:30 0:25
Anton Lundell 0 0 0 0 0 3 1 0 1 0 6/11 12:57 0:00 0:31
Artturi Lehkonen 0 0 0 -1 0 3 2 0 1 0 0/1 18:01 3:45 0:25
Casey Mittelstadt 1 1 2 2 0 2 1 0 0 1 13/19 19:10 3:26 0:38
Clayton Keller 1 0 1 2 0 4 3 0 0 0 0/1 19:20 4:11 0:00
Jacob Bernard-Docker 0 0 0 0 0 0 3 0 0 3 0/0 15:09 0:00 0:49
Jacob Bryson 0 0 0 0 0 0 2 2 0 0 0/0 14:02 0:00 0:18
Jake Bean 0 0 0 0 0 0 2 2 0 1 0/0 19:50 3:47 1:10
Jesperi Kotkaniemi 0 0 0 -2 0 5 0 0 1 0 0/5 9:19 0:00 0:00
Jesse Ylonen 0 0 0 -2 0 0 2 1 0 0 0/0 9:06 0:00 0:00
Kasperi Kapanen 0 0 0 0 0 1 1 1 1 0 0/1 13:26 0:00 0:00
Mikko Rantanen 0 1 1 2 0 5 3 1 1 0 2/3 20:48 4:11 1:03
Miro Heiskanen 0 0 0 -1 2 4 1 1 1 1 0/0 26:01 4:09 0:00
Nathan Smith 0 0 0 -2 0 1 2 0 0 1 0/0 9:06 0:00 0:00
Noah Hanifin 0 0 0 -1 0 3 1 2 0 1 0/0 26:40 4:09 0:31
Robby Fabbri 0 0 0 0 0 3 0 0 1 0 0/1 12:09 0:00 0:00
Taylor Raddysh 0 0 0 0 0 0 1 0 0 2 0/0 16:46 3:45 0:56
Players Stats for Vegas Golden Knights
Player Name G A P +/- PIM S H SB GA TA FO MP PP MP PK MP
------------------------------------------------------------------------------------
Cody Glass 0 1 1 1 0 5 1 1 1 2 1/2 14:47 0:57 1:04
Conor Sheary 0 0 0 0 0 0 0 0 0 0 0/0 14:15 0:00 0:00
Curtis Lazar 0 0 0 0 2 1 2 0 1 0 0/0 11:57 0:00 2:42
Danton Heinen 1 0 1 1 0 2 3 2 1 1 0/1 13:09 0:02 0:00
Jack Roslovic 0 0 0 -1 2 3 2 0 0 1 0/1 15:06 0:57 0:00
John Marino 0 1 1 1 2 2 0 0 0 0 0/0 20:22 0:40 2:41
Jordan Staal 0 1 1 2 0 3 3 0 2 0 4/9 16:56 0:00 4:00
Marc-Edouard Vlasic 0 0 0 -1 0 0 2 0 0 2 0/0 22:02 0:00 3:43
Pierre-edouard Bellemare 0 0 0 0 0 2 0 0 0 0 4/10 12:32 0:00 3:48
Reilly Smith 1 1 2 1 0 5 1 0 1 0 0/2 15:28 1:02 0:00
Roman Josi 0 0 0 0 0 3 1 0 4 0 0/0 25:31 1:19 4:13
Sean Couturier 1 0 1 0 0 5 2 0 1 0 8/13 15:35 0:57 0:00
Sean Monahan 0 0 0 -1 0 2 1 0 0 0 10/15 16:18 1:02 0:59
Shea Theodore 0 1 1 1 0 0 0 1 0 1 0/0 16:25 1:19 0:00
Thomas Chabot 0 0 0 1 0 0 1 2 0 0 0/0 19:36 0:40 0:27
Travis Hamonic 0 0 0 0 0 0 1 2 1 1 0/0 17:09 0:00 4:48
Trevor Lewis 0 0 0 0 0 0 1 0 0 0 1/1 12:09 0:00 3:19
Tyler Bertuzzi 0 0 0 -1 2 2 1 0 0 0 0/1 14:55 1:00 0:00
3 Stars
1 - Casey Mittelstadt (VAN)
2 - Reilly Smith (VGK)
3 - Cayden Primeau (VGK)
Power Play
Vancouver Canucks - 0 on 4 Attempt(s) - 0.00%
Vegas Golden Knights - 0 on 1 Attempt(s) - 0.00%
Penalty Kill
Vancouver Canucks - 1 on 1 Attempt(s) - 100.00%
- Score 0 goal in Penalty Kill
Vegas Golden Knights - 4 on 4 Attempt(s) - 100.00%
- Score 0 goal in Penalty Kill
Team Stat
Vancouver Canucks - Hits : 29 - Faceoff Wins : 27 - Blocked Shots : 12 - Penalty Minutes : 2
Vegas Golden Knights - Hits : 22 - Faceoff Wins : 28 - Blocked Shots : 8 - Penalty Minutes : 8
Official
Referees : Carter Sandlak and Chris Rooney
Linesman : David Brisebois and James Tobias
Game Notes
No Game Note
Finance
Level 1 -- Attendance: 6000 (100.00%) -- Ticket Income $570,000
Level 2 -- Attendance: 4714 (94.28%) -- Ticket Income $259,270
Level 3 -- Attendance: 2917 (97.23%) -- Ticket Income $87,510
Level 4 -- Attendance: 5000 (100.00%) -- Ticket Income $100,000
Luxury Box -- Attendance: 897 (89.70%) -- Ticket Income $170,430
Game was played at the T-Mobile Arena.
Total Attendance: 19528 (97.64%)
Total Ticket Income: $1,187,210
Other Income: $415,524
Total Income: $1,602,734
Vancouver Canucks
5 vs 5 Forward
Center Left Wing Right Wing Time % Phy DF OF
1 Casey Mittelstadt Clayton Keller Mikko Rantanen 30 1 2 2
2 Aleksander Barkov Artturi Lehkonen Kasperi Kapanen 30 1 2 2
3 Anton Lundell Robby Fabbri Taylor Raddysh 25 1 2 2
4 Jesperi Kotkaniemi Nathan Smith Jesse Ylonen 15 1 2 2
5 vs 5 Defense
Defense Defense Time % Phy DF OF
1 Noah Hanifin Miro Heiskanen 30 1 2 2
2 Jake Bean Adam Boqvist 30 1 2 2
3 Jacob Bryson Jacob Bernard-Docker 25 1 2 2
4 Noah Hanifin Miro Heiskanen 15 1 2 2
PowerPlay Forward
Center Left Wing Right Wing Time % Phy DF OF
1 Aleksander Barkov Clayton Keller Mikko Rantanen 50 1 2 2
2 Casey Mittelstadt Artturi Lehkonen Taylor Raddysh 50 1 2 2
PowerPlay Defense
Defense Defense Time % Phy DF OF
1 Noah Hanifin Miro Heiskanen 50 1 2 2
2 Jake Bean Adam Boqvist 50 1 2 2
Penalty Kill 4 Players Forward
Center Wing Time % Phy DF OF
1 Aleksander Barkov Artturi Lehkonen 50 1 2 2
2 Mikko Rantanen Taylor Raddysh 50 1 2 2
Penalty Kill 4 Players Defense
Defense Defense Time % Phy DF OF
1 Noah Hanifin Jacob Bernard-Docker 50 1 2 2
2 Jake Bean Miro Heiskanen 50 1 2 2
Penalty Kill - 3 Players Forward
Forward Time % Phy DF OF
1 Aleksander Barkov 50 1 2 2
2 Artturi Lehkonen 50 1 2 2
Penalty Kill - 3 Players Defense
Defense Defense Time % Phy DF OF
1 Noah Hanifin Miro Heiskanen 50 1 2 2
2 Jake Bean Adam Boqvist 50 1 2 2
4 vs 4 Forward
Center Wing Time % Phy DF OF
1 Casey Mittelstadt Mikko Rantanen 50 1 2 2
2 Aleksander Barkov Artturi Lehkonen 50 1 2 2
4 vs 4 Defense
Defense Defense Time % Phy DF OF
1 Noah Hanifin Miro Heiskanen 50 1 2 2
2 Jake Bean Adam Boqvist 50 1 2 2
Last Minutes Offensive
Center Left Wing Right Wing Defense Defense
Aleksander Barkov Clayton Keller Mikko Rantanen Noah Hanifin Miro Heiskanen
Last Minutes Defensive
Center Left Wing Right Wing Defense Defense
Aleksander Barkov Clayton Keller Mikko Rantanen Noah Hanifin Miro Heiskanen
Goaltenders
Starting : Joonas Korpisalo
Backup : Ville Husso
Extra Forwards
Normal : Aleksander Barkov, Anton Lundell, Mikko Rantanen - PP : Aleksander Barkov, Anton Lundell - PK : Aleksander Barkov
Extra Defensemen
Normal : Miro Heiskanen, Noah Hanifin, Adam Boqvist - PP : Noah Hanifin - PK : Miro Heiskanen, Noah Hanifin
Penalty Shots
Aleksander Barkov, Mikko Rantanen, Anton Lundell, Artturi Lehkonen, Casey Mittelstadt
Scratches
Ty Dellandrea (Healthy), Justin Schultz (Healthy), Oskar Back (Healthy), Justus Annunen (Healthy)
Vegas Golden Knights
5 vs 5 Forward
Center Left Wing Right Wing Time % Phy DF OF
1 Sean Monahan Tyler Bertuzzi Jack Roslovic 30 1 2 2
2 Sean Couturier Conor Sheary Reilly Smith 30 1 2 2
3 Jordan Staal Cody Glass Danton Heinen 25 1 2 2
4 Pierre-edouard Bellemare Curtis Lazar Trevor Lewis 15 1 2 2
5 vs 5 Defense
Defense Defense Time % Phy DF OF
1 Roman Josi Shea Theodore 30 1 2 2
2 Thomas Chabot John Marino 30 1 2 2
3 Marc-Edouard Vlasic Travis Hamonic 25 1 2 2
4 Roman Josi Marc-Edouard Vlasic 15 1 2 2
PowerPlay Forward
Center Left Wing Right Wing Time % Phy DF OF
1 Sean Monahan Tyler Bertuzzi Reilly Smith 50 1 2 2
2 Sean Couturier Cody Glass Jack Roslovic 50 1 2 2
PowerPlay Defense
Defense Defense Time % Phy DF OF
1 Roman Josi Shea Theodore 50 1 2 2
2 Thomas Chabot John Marino 50 1 2 2
Penalty Kill 4 Players Forward
Center Wing Time % Phy DF OF
1 Jordan Staal Trevor Lewis 50 1 2 2
2 Pierre-edouard Bellemare Curtis Lazar 50 1 2 2
Penalty Kill 4 Players Defense
Defense Defense Time % Phy DF OF
1 Travis Hamonic Marc-Edouard Vlasic 50 1 2 2
2 Roman Josi John Marino 50 1 2 2
Penalty Kill - 3 Players Forward
Forward Time % Phy DF OF
1 Jordan Staal 50 1 2 2
2 Pierre-edouard Bellemare 50 1 2 2
Penalty Kill - 3 Players Defense
Defense Defense Time % Phy DF OF
1 Travis Hamonic Marc-Edouard Vlasic 50 1 2 2
2 Roman Josi John Marino 50 1 2 2
4 vs 4 Forward
Center Wing Time % Phy DF OF
1 Sean Couturier Sean Monahan 50 1 2 2
2 Jordan Staal Reilly Smith 50 1 2 2
4 vs 4 Defense
Defense Defense Time % Phy DF OF
1 Roman Josi Marc-Edouard Vlasic 50 1 2 2
2 Thomas Chabot John Marino 50 1 2 2
Last Minutes Offensive
Center Left Wing Right Wing Defense Defense
Sean Couturier Sean Monahan Reilly Smith Roman Josi Thomas Chabot
Last Minutes Defensive
Center Left Wing Right Wing Defense Defense
Jordan Staal Pierre-edouard Bellemare Trevor Lewis Roman Josi Marc-Edouard Vlasic
Goaltenders
Starting : Cayden Primeau
Backup : Alexandar Georgiev
Extra Forwards
Normal : Jack Roslovic, Danton Heinen, Curtis Lazar - PP : Jack Roslovic, Danton Heinen - PK : Curtis Lazar
Extra Defensemen
Normal : Shea Theodore, Travis Hamonic, Thomas Chabot - PP : Shea Theodore - PK : Travis Hamonic, Thomas Chabot
Penalty Shots
Sean Monahan, Sean Couturier, Jordan Staal, Reilly Smith, Tyler Bertuzzi
Scratches
Zachary Jones (Healthy), Maxime Comtois (Healthy), Marc Staal (Healthy), Zachary L'Heureux (Healthy), Nathan Gaucher (Healthy)
% Time on Ice - Vancouver Canucks
Lines # - Real PCT - Wanted PCT - Time Play
Normal Forward
1 - 31% - 30% - 15:21
2 - 27% - 30% - 13:46
3 - 24% - 25% - 11:52
4 - 18% - 15% - 9:06
Normal Defense
1 - 30% - 30% - 14:59
2 - 31% - 30% - 15:20
3 - 27% - 25% - 13:17
4 - 13% - 15% - 6:29
PP Forward
1 - 53% - 50% - 4:11
2 - 47% - 50% - 3:45
PP Defense
1 - 52% - 50% - 4:09
2 - 48% - 50% - 3:47
PK Forward
1 - 41% - 50% - 0:49
2 - 59% - 50% - 1:10
PK Defense
1 - 26% - 50% - 0:31
2 - 74% - 50% - 1:28
PK3 Forward
1 - 0% - 50%
2 - 0% - 50%
PK3 Defense
1 - 0% - 50%
2 - 0% - 50%
44 Forward
1 - 61% - 50% - 0:20
2 - 39% - 50% - 0:13
44 Defense
1 - 100% - 50% - 0:33
2 - 0% - 50% - 0:00
Last Minute Offensive - 0:00
Last Minute Defensive - 0:00
Total
Forward - 60:33
Defense - 60:33
|
% Time on Ice - Vegas Golden Knights
Lines # - Real PCT - Wanted PCT - Time Play
Normal Forward
1 - 28% - 30% - 13:57
2 - 29% - 30% - 14:38
3 - 25% - 25% - 12:46
4 - 17% - 15% - 8:44
Normal Defense
1 - 30% - 30% - 15:06
2 - 34% - 30% - 17:08
3 - 24% - 25% - 12:10
4 - 11% - 15% - 5:41
PP Forward
1 - 52% - 50% - 1:02
2 - 48% - 50% - 0:57
PP Defense
1 - 66% - 50% - 1:19
2 - 34% - 50% - 0:40
PK Forward
1 - 47% - 50% - 3:43
2 - 53% - 50% - 4:13
PK Defense
1 - 41% - 50% - 3:16
2 - 59% - 50% - 4:40
PK3 Forward
1 - 0% - 50%
2 - 0% - 50%
PK3 Defense
1 - 0% - 50%
2 - 0% - 50%
44 Forward
1 - 70% - 50% - 0:23
2 - 30% - 50% - 0:10
44 Defense
1 - 85% - 50% - 0:28
2 - 15% - 50% - 0:05
Last Minute Offensive - 0:00
Last Minute Defensive - 0:00
Total
Forward - 60:33
Defense - 60:33
|
Play-by-Play
1st period
0:01 of 1st period - Casey Mittelstadt wins face-off versus Sean Monahan in neutral zone.
0:34 of 1st period - Snap shot by Aleksander Barkov.
0:34 of 1st period - Shot Misses the Net.
0:36 of 1st period - Wrist shot by Kasperi Kapanen.
0:36 of 1st period - Stopped by Cayden Primeau with a rebound.
0:51 of 1st period - Danton Heinen is hit by Jake Bean.
0:55 of 1st period - Backhand shot by Roman Josi.
0:55 of 1st period - Stopped by Joonas Korpisalo with a rebound.
0:57 of 1st period - Snap shot by Cody Glass.
0:57 of 1st period - Stopped by Joonas Korpisalo with a rebound.
1:49 of 1st period - Wrist shot by Artturi Lehkonen.
1:49 of 1st period - Stopped by Cayden Primeau with a rebound.
2:07 of 1st period - Travis Hamonic is hit by Nathan Smith and loses puck.
2:58 of 1st period - John Marino is hit by Jacob Bryson and loses puck.
3:11 of 1st period - Wrist shot by Mikko Rantanen.
3:11 of 1st period - Stopped by Cayden Primeau without a rebound.
3:12 of 1st period - Aleksander Barkov wins face-off versus Sean Couturier in Vegas Golden Knights zone.
3:13 of 1st period - Slapshot by Artturi Lehkonen.
3:13 of 1st period - Stopped by Cayden Primeau with a rebound.
5:38 of 1st period - Snap shot by Mikko Rantanen.
5:38 of 1st period - Shot Misses the Net.
5:50 of 1st period - Snap shot by Pierre-edouard Bellemare.
5:50 of 1st period - Stopped by Joonas Korpisalo without a rebound.
5:51 of 1st period - Anton Lundell wins face-off versus Pierre-edouard Bellemare in Vancouver Canucks zone.
6:16 of 1st period - Casey Mittelstadt is hit by Travis Hamonic and loses puck.
6:41 of 1st period - Snap shot by Jesperi Kotkaniemi.
6:41 of 1st period - Stopped by Cayden Primeau with a rebound.
6:59 of 1st period - Snap shot by Aleksander Barkov.
6:59 of 1st period - Shot Misses the Net.
7:01 of 1st period - Wrist shot by Kasperi Kapanen.
7:01 of 1st period - Shot Blocked by Cody Glass.
7:03 of 1st period - Snap shot by Noah Hanifin.
7:03 of 1st period - Shot Blocked by Danton Heinen.
7:05 of 1st period - Slapshot by Noah Hanifin.
7:05 of 1st period - Shot Blocked by Shea Theodore.
7:07 of 1st period - Slapshot by Noah Hanifin.
7:07 of 1st period - Shot Misses the Net.
7:09 of 1st period - Snap shot by Noah Hanifin.
7:09 of 1st period - Shot Misses the Net.
7:23 of 1st period - Anton Lundell is hit by Roman Josi and loses puck.
8:24 of 1st period - Sean Couturier is hit by Kasperi Kapanen and loses puck.
8:37 of 1st period - Robby Fabbri is hit by Jordan Staal.
8:41 of 1st period - Danton Heinen is hit by Jacob Bernard-Docker and loses puck.
8:50 of 1st period - Wrist shot by Cody Glass.
8:50 of 1st period - Shot Misses the Net.
9:01 of 1st period - Off-side.
9:02 of 1st period - Casey Mittelstadt wins face-off versus Pierre-edouard Bellemare in neutral zone.
9:11 of 1st period - Slapshot by Thomas Chabot.
9:11 of 1st period - Shot Blocked by Mikko Rantanen.
9:15 of 1st period - Snap shot by Pierre-edouard Bellemare.
9:15 of 1st period - Shot Blocked by Jake Bean.
9:24 of 1st period - Icing by Adam Boqvist.
9:25 of 1st period - Aleksander Barkov wins face-off versus Sean Monahan in Vancouver Canucks zone.
9:32 of 1st period - Wrist shot by Aleksander Barkov.
9:32 of 1st period - Stopped by Cayden Primeau with a rebound.
9:58 of 1st period - Off-side.
9:59 of 1st period - Sean Couturier wins face-off versus Anton Lundell in neutral zone.
10:49 of 1st period - Curtis Lazar is hit by Mikko Rantanen and loses puck.
11:06 of 1st period - Marc-Edouard Vlasic is hit by Aleksander Barkov and loses puck.
11:25 of 1st period - Snap shot by Danton Heinen.
11:25 of 1st period - Deflect By Miro Heiskanen.
11:25 of 1st period - Stopped by Joonas Korpisalo with a rebound.
11:55 of 1st period - Snap shot by Reilly Smith.
11:55 of 1st period - Shot Blocked by Noah Hanifin.
11:57 of 1st period - Snap shot by Sean Couturier.
11:57 of 1st period - Stopped by Joonas Korpisalo without a rebound.
11:58 of 1st period - Sean Monahan wins face-off versus Casey Mittelstadt in Vancouver Canucks zone.
11:59 of 1st period - Snap shot by Tyler Bertuzzi.
11:59 of 1st period - Stopped by Joonas Korpisalo with a rebound.
12:07 of 1st period - Snap shot by Casey Mittelstadt.
12:07 of 1st period - Goal by Casey Mittelstadt - Vancouver Canucks : 1 - Vegas Golden Knights : 0.
12:08 of 1st period - Sean Couturier wins face-off versus Casey Mittelstadt in neutral zone.
12:11 of 1st period - Casey Mittelstadt is hit by Sean Couturier and loses puck.
12:18 of 1st period - Snap shot by Sean Couturier.
12:18 of 1st period - Stopped by Joonas Korpisalo with a rebound.
12:20 of 1st period - Slapshot by Marc-Edouard Vlasic.
12:20 of 1st period - Shot Misses the Net.
12:22 of 1st period - Slapshot by Sean Couturier.
12:22 of 1st period - Stopped by Joonas Korpisalo with a rebound.
12:24 of 1st period - Snap shot by Reilly Smith.
12:24 of 1st period - Stopped by Joonas Korpisalo with a rebound.
12:43 of 1st period - Slapshot by Tyler Bertuzzi.
12:43 of 1st period - Stopped by Joonas Korpisalo without a rebound.
12:44 of 1st period - Jordan Staal wins face-off versus Robby Fabbri in Vancouver Canucks zone.
13:15 of 1st period - Snap shot by Mikko Rantanen.
13:15 of 1st period - Stopped by Cayden Primeau without a rebound.
13:16 of 1st period - Sean Couturier wins face-off versus Clayton Keller in Vegas Golden Knights zone.
13:23 of 1st period - Snap shot by Reilly Smith.
13:23 of 1st period - Stopped by Joonas Korpisalo with a rebound.
13:53 of 1st period - Slapshot by Sean Monahan.
13:53 of 1st period - Shot Blocked by Jacob Bryson.
13:55 of 1st period - Slapshot by Roman Josi.
13:55 of 1st period - Shot Misses the Net.
14:05 of 1st period - Wrist shot by Cody Glass.
14:05 of 1st period - Shot Misses the Net.
14:07 of 1st period - Wrist shot by Danton Heinen.
14:07 of 1st period - Goal by Danton Heinen - Vancouver Canucks : 1 - Vegas Golden Knights : 1.
14:08 of 1st period - Sean Couturier wins face-off versus Jesperi Kotkaniemi in neutral zone.
14:33 of 1st period - Casey Mittelstadt is hit by Jack Roslovic and loses puck.
15:06 of 1st period - Snap shot by Danton Heinen.
15:06 of 1st period - Shot Misses the Net.
15:40 of 1st period - Snap shot by Jesse Ylonen.
15:40 of 1st period - Shot Blocked by Thomas Chabot.
15:56 of 1st period - Snap shot by Mikko Rantanen.
15:56 of 1st period - Stopped by Cayden Primeau without a rebound.
15:57 of 1st period - Sean Monahan wins face-off versus Casey Mittelstadt in Vegas Golden Knights zone.
16:02 of 1st period - Snap shot by Tyler Bertuzzi.
16:02 of 1st period - Shot Misses the Net.
16:30 of 1st period - Slapshot by Artturi Lehkonen.
16:30 of 1st period - Stopped by Cayden Primeau without a rebound.
16:31 of 1st period - Anton Lundell wins face-off versus Sean Couturier in Vegas Golden Knights zone.
16:58 of 1st period - Danton Heinen is hit by Jacob Bernard-Docker and loses puck.
17:41 of 1st period - Snap shot by Jesperi Kotkaniemi.
17:41 of 1st period - Stopped by Cayden Primeau with a rebound.
17:43 of 1st period - Snap shot by Noah Hanifin.
17:43 of 1st period - Stopped by Cayden Primeau without a rebound.
17:44 of 1st period - Sean Couturier wins face-off versus Jesperi Kotkaniemi in Vegas Golden Knights zone.
18:30 of 1st period - Slapshot by Anton Lundell.
18:30 of 1st period - Stopped by Cayden Primeau without a rebound.
18:31 of 1st period - Jordan Staal wins face-off versus Anton Lundell in Vegas Golden Knights zone.
18:37 of 1st period - Off-side.
18:38 of 1st period - Anton Lundell wins face-off versus Reilly Smith in neutral zone.
18:50 of 1st period - Off-side.
18:51 of 1st period - Casey Mittelstadt wins face-off versus Cody Glass in neutral zone.
19:06 of 1st period - Casey Mittelstadt is hit by Danton Heinen and loses puck.
19:21 of 1st period - Snap shot by Miro Heiskanen.
19:21 of 1st period - Stopped by Cayden Primeau with a rebound.
19:23 of 1st period - Slapshot by Noah Hanifin.
19:23 of 1st period - Stopped by Cayden Primeau with a rebound.
19:25 of 1st period - Slapshot by Miro Heiskanen.
19:25 of 1st period - Stopped by Cayden Primeau with a rebound.
19:45 of 1st period - Aleksander Barkov is hit by Sean Monahan and loses puck.
19:50 of 1st period - Snap shot by Sean Monahan.
19:50 of 1st period - Shot Blocked by Kasperi Kapanen.
19:52 of 1st period - Snap shot by Jack Roslovic.
19:52 of 1st period - Shot Misses the Net.
19:54 of 1st period - Snap shot by Jack Roslovic.
19:54 of 1st period - Stopped by Joonas Korpisalo with a rebound.
19:56 of 1st period - Slapshot by Roman Josi.
19:56 of 1st period - Deflect By Sean Monahan.
19:56 of 1st period - Shot Misses the Net.
19:56 of 1st period - Puck is out of play.
19:57 of 1st period - Casey Mittelstadt wins face-off versus Jordan Staal in Vancouver Canucks zone.
Goals for this period are 1 for Vancouver Canucks vs 1 for Vegas Golden Knights.
Shots for this period are 16 for Vancouver Canucks vs 13 for Vegas Golden Knights.
2nd period
0:01 of 2nd period - Sean Monahan wins face-off versus Aleksander Barkov in neutral zone.
0:06 of 2nd period - Icing by Kasperi Kapanen.
0:07 of 2nd period - Sean Monahan wins face-off versus Aleksander Barkov in Vancouver Canucks zone.
0:14 of 2nd period - Slapshot by Sean Monahan.
0:14 of 2nd period - Shot Misses the Net.
0:18 of 2nd period - Snap shot by Tyler Bertuzzi.
0:18 of 2nd period - Shot Misses the Net.
0:32 of 2nd period - Miro Heiskanen is hit by Jack Roslovic and loses puck.
0:48 of 2nd period - Icing by Tyler Bertuzzi.
0:49 of 2nd period - Casey Mittelstadt wins face-off versus Sean Monahan in Vegas Golden Knights zone.
1:00 of 2nd period - Sean Monahan is hit by Clayton Keller and loses puck.
1:17 of 2nd period - Snap shot by Roman Josi.
1:17 of 2nd period - Stopped by Joonas Korpisalo without a rebound.
1:18 of 2nd period - Sean Couturier wins face-off versus Anton Lundell in Vancouver Canucks zone.
1:33 of 2nd period - Wrist shot by Sean Couturier.
1:33 of 2nd period - Deflect By Reilly Smith.
1:33 of 2nd period - Shot Misses the Net.
1:33 of 2nd period - Puck is out of play.
1:34 of 2nd period - Casey Mittelstadt wins face-off versus Jordan Staal in Vancouver Canucks zone.
1:34 of 2nd period - Casey Mittelstadt is hit by Danton Heinen.
2:22 of 2nd period - Slapshot by Robby Fabbri.
2:22 of 2nd period - Shot Blocked by Travis Hamonic.
2:59 of 2nd period - Icing by Miro Heiskanen.
3:00 of 2nd period - Casey Mittelstadt wins face-off versus Danton Heinen in Vancouver Canucks zone.
3:16 of 2nd period - Snap shot by Clayton Keller.
3:16 of 2nd period - Stopped by Cayden Primeau with a rebound.
3:52 of 2nd period - Backhand shot by Shea Theodore.
3:52 of 2nd period - Deflect By Trevor Lewis.
3:52 of 2nd period - Shot Misses the Net.
3:52 of 2nd period - Puck is out of play.
3:53 of 2nd period - Jordan Staal wins face-off versus Casey Mittelstadt in Vancouver Canucks zone.
4:02 of 2nd period - Snap shot by Cody Glass.
4:02 of 2nd period - Stopped by Joonas Korpisalo without a rebound.
4:03 of 2nd period - Cody Glass wins face-off versus Casey Mittelstadt in Vancouver Canucks zone.
4:28 of 2nd period - Snap shot by Cody Glass.
4:28 of 2nd period - Shot Misses the Net.
4:54 of 2nd period - Wrist shot by Cody Glass.
4:54 of 2nd period - Deflect By Casey Mittelstadt.
4:54 of 2nd period - Stopped by Joonas Korpisalo with a rebound.
4:56 of 2nd period - Slapshot by John Marino.
4:56 of 2nd period - Shot Blocked by Adam Boqvist.
4:58 of 2nd period - Backhand shot by Cody Glass.
4:58 of 2nd period - Stopped by Joonas Korpisalo without a rebound.
4:59 of 2nd period - Sean Couturier wins face-off versus Anton Lundell in Vancouver Canucks zone.
5:02 of 2nd period - Snap shot by Sean Couturier.
5:02 of 2nd period - Stopped by Joonas Korpisalo with a rebound.
5:24 of 2nd period - Noah Hanifin is hit by Curtis Lazar and loses puck.
5:34 of 2nd period - Icing by Noah Hanifin.
5:35 of 2nd period - Sean Monahan wins face-off versus Aleksander Barkov in Vancouver Canucks zone.
5:42 of 2nd period - Snap shot by Jack Roslovic.
5:42 of 2nd period - Stopped by Joonas Korpisalo without a rebound.
5:43 of 2nd period - Sean Monahan wins face-off versus Jesperi Kotkaniemi in Vancouver Canucks zone.
5:46 of 2nd period - Slapshot by Tyler Bertuzzi.
5:46 of 2nd period - Shot Misses the Net.
5:48 of 2nd period - Snap shot by Jack Roslovic.
5:48 of 2nd period - Stopped by Joonas Korpisalo with a rebound.
5:50 of 2nd period - Slapshot by Marc-Edouard Vlasic.
5:50 of 2nd period - Shot Hit the Post.
5:54 of 2nd period - Slapshot by Sean Monahan.
5:54 of 2nd period - Stopped by Joonas Korpisalo with a rebound.
5:56 of 2nd period - Wrist shot by Sean Monahan.
5:56 of 2nd period - Shot Blocked by Jesse Ylonen.
6:10 of 2nd period - Reilly Smith is hit by Jacob Bernard-Docker and loses puck.
6:17 of 2nd period - Snap shot by Robby Fabbri.
6:17 of 2nd period - Stopped by Cayden Primeau without a rebound.
6:18 of 2nd period - Pierre-edouard Bellemare wins face-off versus Kasperi Kapanen in Vegas Golden Knights zone.
6:18 of 2nd period - Pierre-edouard Bellemare is hit by Artturi Lehkonen.
6:26 of 2nd period - Icing by Noah Hanifin.
6:27 of 2nd period - Aleksander Barkov wins face-off versus Pierre-edouard Bellemare in Vancouver Canucks zone.
6:32 of 2nd period - Slapshot by Noah Hanifin.
6:32 of 2nd period - Deflect By Trevor Lewis.
6:32 of 2nd period - Stopped by Cayden Primeau with a rebound.
7:27 of 2nd period - Noah Hanifin is hit by Thomas Chabot and loses puck.
7:50 of 2nd period - Minor Penalty to Miro Heiskanen for Goalie Interference.
7:51 of 2nd period - Sean Monahan wins face-off versus Mikko Rantanen in Vancouver Canucks zone.
9:50 of 2nd period - Penalty to Miro Heiskanen is over, Miro Heiskanen is back on ice.
10:16 of 2nd period - Wrist shot by Miro Heiskanen.
10:16 of 2nd period - Stopped by Cayden Primeau without a rebound.
10:17 of 2nd period - Trevor Lewis wins face-off versus Jesperi Kotkaniemi in Vegas Golden Knights zone.
10:33 of 2nd period - Marc-Edouard Vlasic is hit by Nathan Smith and loses puck.
11:05 of 2nd period - Minor Penalty to Jack Roslovic for Tripping.
11:06 of 2nd period - Aleksander Barkov wins face-off versus Jordan Staal in Vegas Golden Knights zone.
11:06 of 2nd period - Slapshot by Clayton Keller.
11:06 of 2nd period - Stopped by Cayden Primeau with a rebound.
11:30 of 2nd period - Trevor Lewis is hit by Adam Boqvist and loses puck.
11:37 of 2nd period - Wrist shot by Artturi Lehkonen.
11:37 of 2nd period - Shot Blocked by Travis Hamonic.
11:39 of 2nd period - Slapshot by Noah Hanifin.
11:39 of 2nd period - Shot Misses the Net.
13:05 of 2nd period - Penalty to Jack Roslovic is over, Jack Roslovic is back on ice.
13:18 of 2nd period - Miro Heiskanen is hit by Sean Couturier and loses puck.
14:52 of 2nd period - Icing by Roman Josi.
14:53 of 2nd period - Sean Couturier wins face-off versus Aleksander Barkov in Vegas Golden Knights zone.
14:53 of 2nd period - Sean Couturier is hit by Artturi Lehkonen.
15:11 of 2nd period - Conor Sheary is hit by Jesse Ylonen and loses puck.
15:32 of 2nd period - Wrist shot by Sean Monahan.
15:32 of 2nd period - Stopped by Joonas Korpisalo with a rebound.
15:54 of 2nd period - Snap shot by Mikko Rantanen.
15:54 of 2nd period - Shot Misses the Net.
16:04 of 2nd period - Kasperi Kapanen is hit by Curtis Lazar and loses puck.
17:28 of 2nd period - Slapshot by Thomas Chabot.
17:28 of 2nd period - Deflect By Curtis Lazar.
17:28 of 2nd period - Shot Blocked by Jake Bean.
17:28 of 2nd period - Puck is out of play.
17:29 of 2nd period - Anton Lundell wins face-off versus Pierre-edouard Bellemare in Vancouver Canucks zone.
17:29 of 2nd period - Anton Lundell is hit by Trevor Lewis.
17:41 of 2nd period - Wrist shot by Anton Lundell.
17:41 of 2nd period - Stopped by Cayden Primeau without a rebound.
17:42 of 2nd period - Casey Mittelstadt wins face-off versus Sean Couturier in Vegas Golden Knights zone.
17:47 of 2nd period - Wrist shot by Clayton Keller.
17:47 of 2nd period - Goal by Clayton Keller - Vancouver Canucks : 2 - Vegas Golden Knights : 1.
17:48 of 2nd period - Casey Mittelstadt wins face-off versus Sean Monahan in neutral zone.
17:53 of 2nd period - Slapshot by Clayton Keller.
17:53 of 2nd period - Stopped by Cayden Primeau with a rebound.
17:55 of 2nd period - Slapshot by Adam Boqvist.
17:55 of 2nd period - Stopped by Cayden Primeau with a rebound.
18:03 of 2nd period - Slapshot by Roman Josi.
18:03 of 2nd period - Stopped by Joonas Korpisalo with a rebound.
18:15 of 2nd period - Adam Boqvist is hit by Danton Heinen and loses puck.
18:40 of 2nd period - Roman Josi is hit by Jacob Bryson and loses puck.
19:11 of 2nd period - Wrist shot by Clayton Keller.
19:11 of 2nd period - Shot Misses the Net.
19:13 of 2nd period - Snap shot by Mikko Rantanen.
19:13 of 2nd period - Shot Misses the Net.
19:19 of 2nd period - Snap shot by Mikko Rantanen.
19:19 of 2nd period - Shot Blocked by Danton Heinen.
19:31 of 2nd period - Snap shot by Casey Mittelstadt.
19:31 of 2nd period - Stopped by Cayden Primeau without a rebound.
19:32 of 2nd period - Anton Lundell wins face-off versus Sean Couturier in Vegas Golden Knights zone.
19:40 of 2nd period - Minor Penalty to John Marino for Tripping.
19:41 of 2nd period - Pierre-edouard Bellemare wins face-off versus Aleksander Barkov in Vegas Golden Knights zone.
Goals for this period are 1 for Vancouver Canucks vs 0 for Vegas Golden Knights.
Shots for this period are 10 for Vancouver Canucks vs 10 for Vegas Golden Knights.
3rd period
0:01 of 3rd period - Aleksander Barkov wins face-off versus Pierre-edouard Bellemare in neutral zone.
1:00 of 3rd period - Snap shot by Curtis Lazar.
1:00 of 3rd period - Stopped by Joonas Korpisalo with a rebound.
1:06 of 3rd period - Marc-Edouard Vlasic is hit by Aleksander Barkov.
1:16 of 3rd period - Wrist shot by Mikko Rantanen.
1:16 of 3rd period - Stopped by Cayden Primeau without a rebound.
1:17 of 3rd period - Pierre-edouard Bellemare wins face-off versus Artturi Lehkonen in Vegas Golden Knights zone.
1:40 of 3rd period - Penalty to John Marino is over, John Marino is back on ice.
2:24 of 3rd period - Snap shot by Sean Couturier.
2:24 of 3rd period - Goal by Sean Couturier - Vancouver Canucks : 2 - Vegas Golden Knights : 2.
2:25 of 3rd period - Anton Lundell wins face-off versus Reilly Smith in neutral zone.
2:40 of 3rd period - Snap shot by Robby Fabbri.
2:40 of 3rd period - Stopped by Cayden Primeau without a rebound.
2:41 of 3rd period - Mikko Rantanen wins face-off versus Sean Monahan in Vegas Golden Knights zone.
3:06 of 3rd period - Sean Couturier is hit by Taylor Raddysh and loses puck.
3:37 of 3rd period - Slapshot by Shea Theodore.
3:37 of 3rd period - Shot Blocked by Aleksander Barkov.
4:32 of 3rd period - Wrist shot by Trevor Lewis.
4:32 of 3rd period - Deflect By Pierre-edouard Bellemare.
4:32 of 3rd period - Stopped by Joonas Korpisalo with a rebound.
4:55 of 3rd period - Wrist shot by Cody Glass.
4:55 of 3rd period - Stopped by Joonas Korpisalo with a rebound.
4:57 of 3rd period - Snap shot by Jordan Staal.
4:57 of 3rd period - Stopped by Joonas Korpisalo without a rebound.
4:58 of 3rd period - Jordan Staal wins face-off versus Aleksander Barkov in Vancouver Canucks zone.
5:05 of 3rd period - Snap shot by Jordan Staal.
5:05 of 3rd period - Stopped by Joonas Korpisalo with a rebound.
5:07 of 3rd period - Slapshot by Travis Hamonic.
5:07 of 3rd period - Shot Blocked by Miro Heiskanen.
5:09 of 3rd period - Slapshot by Marc-Edouard Vlasic.
5:09 of 3rd period - Shot Misses the Net.
5:11 of 3rd period - Wrist shot by Jordan Staal.
5:11 of 3rd period - Stopped by Joonas Korpisalo with a rebound.
5:13 of 3rd period - Slapshot by Danton Heinen.
5:13 of 3rd period - Shot Misses the Net.
5:23 of 3rd period - Marc-Edouard Vlasic is hit by Noah Hanifin and loses puck.
5:49 of 3rd period - Marc-Edouard Vlasic is hit by Mikko Rantanen and loses puck.
6:10 of 3rd period - Slapshot by Adam Boqvist.
6:10 of 3rd period - Deflect By Pierre-edouard Bellemare.
6:10 of 3rd period - Stopped by Cayden Primeau without a rebound.
6:11 of 3rd period - Sean Monahan wins face-off versus Aleksander Barkov in Vegas Golden Knights zone.
6:36 of 3rd period - John Marino is hit by Anton Lundell and loses puck.
6:41 of 3rd period - Slapshot by Robby Fabbri.
6:41 of 3rd period - Shot Misses the Net.
6:43 of 3rd period - Snap shot by Robby Fabbri.
6:43 of 3rd period - Deflect By Sean Couturier.
6:43 of 3rd period - Stopped by Cayden Primeau with a rebound.
6:45 of 3rd period - Snap shot by Anton Lundell.
6:45 of 3rd period - Stopped by Cayden Primeau without a rebound.
6:46 of 3rd period - Casey Mittelstadt wins face-off versus Tyler Bertuzzi in Vegas Golden Knights zone.
6:55 of 3rd period - Clayton Keller is hit by Marc-Edouard Vlasic and loses puck.
8:37 of 3rd period - Roman Josi is hit by Jesse Ylonen and loses puck.
9:15 of 3rd period - Minor Penalty to Curtis Lazar for Holding.
9:16 of 3rd period - Pierre-edouard Bellemare wins face-off versus Casey Mittelstadt in Vegas Golden Knights zone.
9:25 of 3rd period - Jordan Staal is hit by Casey Mittelstadt and loses puck.
9:42 of 3rd period - Clayton Keller is hit by Jordan Staal and loses puck.
9:54 of 3rd period - Off-side.
9:55 of 3rd period - Casey Mittelstadt wins face-off versus Pierre-edouard Bellemare in neutral zone.
10:32 of 3rd period - Marc-Edouard Vlasic is hit by Mikko Rantanen and loses puck.
11:15 of 3rd period - Penalty to Curtis Lazar is over, Curtis Lazar is back on ice.
11:29 of 3rd period - Slapshot by Reilly Smith.
11:29 of 3rd period - Shot Misses the Net.
11:31 of 3rd period - Slapshot by John Marino.
11:31 of 3rd period - Stopped by Joonas Korpisalo with a rebound.
11:33 of 3rd period - Snap shot by Sean Couturier.
11:33 of 3rd period - Shot Misses the Net.
12:07 of 3rd period - Wrist shot by Reilly Smith.
12:07 of 3rd period - Stopped by Joonas Korpisalo with a rebound.
12:19 of 3rd period - Shea Theodore is hit by Clayton Keller and loses puck.
13:21 of 3rd period - Slapshot by Jesperi Kotkaniemi.
13:21 of 3rd period - Stopped by Cayden Primeau with a rebound.
13:23 of 3rd period - Wrist shot by Jesperi Kotkaniemi.
13:23 of 3rd period - Stopped by Cayden Primeau without a rebound.
13:24 of 3rd period - Sean Monahan wins face-off versus Jesperi Kotkaniemi in Vegas Golden Knights zone.
13:33 of 3rd period - Nathan Smith is hit by Tyler Bertuzzi and loses puck.
13:46 of 3rd period - Slapshot by Miro Heiskanen.
13:46 of 3rd period - Stopped by Cayden Primeau with a rebound.
13:48 of 3rd period - Wrist shot by Nathan Smith.
13:48 of 3rd period - Stopped by Cayden Primeau without a rebound.
13:49 of 3rd period - Mikko Rantanen wins face-off versus Jordan Staal in Vegas Golden Knights zone.
14:44 of 3rd period - Taylor Raddysh is hit by Reilly Smith and loses puck.
14:51 of 3rd period - Conor Sheary is hit by Miro Heiskanen.
15:09 of 3rd period - Snap shot by Jesperi Kotkaniemi.
15:09 of 3rd period - Stopped by Cayden Primeau with a rebound.
15:11 of 3rd period - Wrist shot by Adam Boqvist.
15:11 of 3rd period - Stopped by Cayden Primeau with a rebound.
15:37 of 3rd period - Jacob Bernard-Docker is hit by Jordan Staal and loses puck.
15:46 of 3rd period - Cody Glass is hit by Clayton Keller and loses puck.
15:59 of 3rd period - Snap shot by Casey Mittelstadt.
15:59 of 3rd period - Shot Misses the Net.
16:05 of 3rd period - Wrist shot by Clayton Keller.
16:05 of 3rd period - Shot Blocked by Thomas Chabot.
16:07 of 3rd period - Snap shot by Mikko Rantanen.
16:07 of 3rd period - Stopped by Cayden Primeau without a rebound.
16:08 of 3rd period - Sean Monahan wins face-off versus Anton Lundell in Vegas Golden Knights zone.
16:08 of 3rd period - Sean Monahan is hit by Adam Boqvist.
16:25 of 3rd period - Icing by Shea Theodore.
16:26 of 3rd period - Aleksander Barkov wins face-off versus Jack Roslovic in Vegas Golden Knights zone.
16:42 of 3rd period - Minor Penalty to Tyler Bertuzzi for Delaying the game.
16:43 of 3rd period - Casey Mittelstadt wins face-off versus Jordan Staal in Vegas Golden Knights zone.
17:54 of 3rd period - Roman Josi is hit by Jake Bean and loses puck.
18:42 of 3rd period - Penalty to Tyler Bertuzzi is over, Tyler Bertuzzi is back on ice.
18:57 of 3rd period - Slapshot by Reilly Smith.
18:57 of 3rd period - Stopped by Joonas Korpisalo with a rebound.
18:59 of 3rd period - Snap shot by John Marino.
18:59 of 3rd period - Shot Misses the Net.
19:01 of 3rd period - Snap shot by John Marino.
19:01 of 3rd period - Shot Blocked by Jacob Bryson.
19:03 of 3rd period - Slapshot by John Marino.
19:03 of 3rd period - Stopped by Joonas Korpisalo with a rebound.
19:31 of 3rd period - Jake Bean is hit by Cody Glass and loses puck.
Goals for this period are 0 for Vancouver Canucks vs 1 for Vegas Golden Knights.
Shots for this period are 12 for Vancouver Canucks vs 11 for Vegas Golden Knights.
Overtime #1
0:01 of 1st overtime period - Casey Mittelstadt wins face-off versus Sean Couturier in neutral zone.
0:26 of 1st overtime period - Aleksander Barkov is hit by Marc-Edouard Vlasic and loses puck.
0:31 of 1st overtime period - Snap shot by Reilly Smith.
0:31 of 1st overtime period - Shot Blocked by Noah Hanifin.
0:33 of 1st overtime period - Wrist shot by Reilly Smith.
0:33 of 1st overtime period - Goal by Reilly Smith - Vancouver Canucks : 2 - Vegas Golden Knights : 3.
Goals for this period are 0 for Vancouver Canucks vs 1 for Vegas Golden Knights.
Shots for this period are 0 for Vancouver Canucks vs 1 for Vegas Golden Knights.
Back to the Top